Map: Romanticide LE

Players

AqueroN - Winner!

  • Race: Terran Terran
  • League: Grandmaster
  • Spawn Location: 11:00

TLHarstem (Harstem)

  • Race: Protoss Protoss
  • League: Master
  • Spawn Location: 5:00

Event: DreamHack SC2 Masters 2020 Winter

VOD

Have the link to the VOD?

Description

Time

  • Played on: Oct. 30, 2020, 1:08 p.m.
  • Length: 4:00

All games in this series

Show
View Real Time Build Order
Export as new Build Order

AqueroN Terran - Winner!

Build Orders:  

Get SALT Encoding   

  12  0:00  SCV  
  13  0:12  SCV  
  14  0:17  Supply Depot  
  14  0:24  SCV  
  15  0:38  SCV  
  15  0:39  Barracks  
  16  0:44  Refinery  
  16  0:58  Barracks  
  16  1:01  SCV  
  17  1:13  SCV  
  17  1:18  Engineering Bay  
  18  1:28  Marine  
  19  1:34  Orbital Command  
  19  1:43  Supply Depot  
  19  1:48  Barracks Tech Lab  
  19  1:49  Marine  
  20  2:02  SCV  
  20  2:06  Concussive Shells, Marauder  
  20  2:07  Marine  
  24  2:12  Supply Depot  
  24  2:21  SCV  
  25  2:25  Marine  
  25  2:28  Marauder  
  28  2:33  SCV  
  29  2:43  Marine  
  30  2:47  SCV  
  30  2:49  Marauder  
  33  2:54  Factory  
  33  3:01  SCV, Marine  
  35  3:13  SCV  
  35  3:14  Marine  
  34  3:32  SCV  
  35  3:39  Supply Depot  
  35  3:40  Marine  
  35  3:41  Marine  
  32  3:44  SCV  
  29  3:51  Factory Tech Lab  
  29  3:52  Starport  
Show
View Real Time Build Order
Export as new Build Order

TLHarstem Protoss 

Build Orders:  

Get SALT Encoding   

  12  0:00  Probe  
  13  0:12  Probe  
  14  0:18  Pylon  
  14  0:24  Probe  
  15  0:36  Gateway, Probe (Chrono Boost)  
  16  0:46  Probe (Chrono Boost)  
  16  0:48  Assimilator  
  17  0:51  Probe (Chrono Boost)  
  18  1:03  Probe  
  19  1:15  Probe  
  20  1:25  Cybernetics Core  
  20  1:27  Probe  
  21  1:38  Pylon  
  21  1:39  Probe  
  22  1:53  Nexus  
  21  1:56  Probe  
  21  1:59  Adept (Chrono Boost)  
  24  2:08  Probe  
  24  2:09  Warp Gate  
  24  2:14  Assimilator  
  25  2:22  Probe, Sentry (Chrono Boost)  
  28  2:35  Probe  
  28  2:36  Pylon  
  29  2:43  Shield Battery  
  29  2:47  Probe  
  29  2:52  Stalker (Chrono Boost)  
  31  2:59  Gateway  
  31  3:01  Probe  
  32  3:10  Probe  
  31  3:13  Stalker (Chrono Boost)  
  31  3:19  Probe  
  30  3:27  Probe  
  30  3:33  Probe  
  27  3:36  Stalker (Chrono Boost)  
  27  3:39  Probe  
  23  3:47  Probe  
Tags
 
Add a new tag
Caveats
  • Supply blocks, unpowered buildings, or Contaminate may cause inaccurate times.
  • Supply counts are checked every 10 seconds.